 Dungeon Crawl Stone Soup version 0.20.0-15-g7f486f2 (webtiles) character file.

116 vishdafish the Shield-Bearer (level 4, -21/40 HPs)
             Began as a Minotaur Fighter on June 17, 2017.
             Killed from afar by an orc (35 damage)
             ... with an exploding inner flame
             ... hexed by the player character
             ... on level 3 of the Dungeon.
             The game lasted 00:05:07 (978 turns).

vishdafish the Shield-Bearer (Minotaur Fighter)      Turns: 978, Time: 00:05:08

Health: -21/40     AC: 10    Str: 21    XL:     4   Next: 69%
Magic:  3/3        EV:  8    Int:  5    God:
Gold:   103        SH:  9    Dex: 10    Spells: 3/3 levels left

rFire    . . .     SeeInvis .   a - +0 long sword
rCold    . . .     Gourm    .   c - +0 shield
rNeg     . . .     Faith    .   b - +0 scale mail
rPois    .         Spirit   .   (helmet restricted)
rElec    .         Reflect  .   (no cloak)
rCorr    .         Harm     .   (no gloves)
MR       .....                  k - +2 pair of boots
Stlth    ..........             (no amulet)
Regen    0.2/turn               (no ring)
MPRegen  0.1/turn               (no ring)

@: no status effects
A: retaliatory headbutt, horns 2
a: no special abilities


You were on level 3 of the Dungeon.
You were not hungry.

You visited 1 branch of the dungeon, and saw 3 of its levels.

You collected 103 gold pieces.

Inventory:

Hand Weapons
 a - a +0 long sword (weapon)
 t - a +3 hunting sling
Missiles
 n - 6 silver tomahawks (quivered)
 q - 24 bolts
Armour
 b - a +0 scale mail (worn)
 c - a +0 shield (worn)
 k - a +2 pair of boots (worn)
Scrolls
 g - a scroll of teleportation {unknown}
 h - 2 scrolls of immolation
 i - a scroll of blinking {unknown}
 j - a scroll of recharging {unknown}
 m - a scroll of fear {unknown}
 o - a scroll of remove curse {unknown}
 p - a scroll of enchant weapon {unknown}
Potions
 d - a potion of might
 e - a potion of curing {unknown}
 r - 2 potions of heal wounds {unknown}
Comestibles
 f - 2 bread rations
 l - 3 meat rations
 s - a fruit


   Skills:
 + Level 4.3 Fighting
 + Level 3.5 Long Blades
 + Level 0.2 Throwing
 + Level 4.3 Armour
 * Level 1.3 Dodging
 + Level 4.5 Shields


You had 3 spell levels left.
You didn't know any spells.

Dungeon Overview and Level Annotations

Branches:
Dungeon (3/15)

Altars:
Xom


Innate Abilities, Weirdness & Mutations

You reflexively headbutt those who attack you in melee.
You have a pair of horns on your head.


Message History

You see here a scroll of immolation.
You completely miss the bat. Your headbutt misses the bat. The bat misses you.
The quokka closely misses you. The orc hits you but does no damage. x2
You block the quokka's attack.
A goblin and an orc come into view.
The orc shouts!
The bat hits you but does no damage. The bat completely misses you.
You block the orc's attack. The orc hits you.
As you read the scroll of immolation, it crumbles to dust.
The creatures around you are filled with an inner flame!
The bat closely misses you. The orc closely misses you.
You furiously retaliate!
You headbutt the orc!
The orc explodes!
The fiery explosion engulfs the orc wizard.
The orc wizard explodes!
The fiery explosion engulfs you!
Ouch! That really hurt!
The fiery explosion engulfs you!
Ouch! That really hurt!
You die...

....# #>#
..##.# #.# ..#
#..### ###.#
...
.#....##...#
.......#.###
##....# #....##
#.#.r.####.# #
#§@o......
#...§§§......
......§§gb.....
..#####...###.#
. ....o #
...... ....#..
....g#..#


You could see 2 orcs, a quokka (inner flame), 2 goblins and a bat (inner flame).

Vanquished Creatures
  Jessica (D:3)
  An orc wizard (D:3)
  3 adders
  2 oozes
  A dart slug (D:1)
  2 leopard geckos (D:2)
  A giant cockroach (D:3)
  3 goblins
  A hobgoblin (D:2)
  6 jackals (D:3)
  A quokka (D:2)
  2 bats
  3 frilled lizards
  2 rats
29 creatures vanquished.

Notes
Turn   | Place    | Note
-------+----------+-------------------------------------------
     0 | D:1      | vishdafish the Minotaur Fighter began the quest for the Orb.
     0 | D:1      | Reached XP level 1. HP: 19/19 MP: 0/0
    91 | D:1      | Reached XP level 2. HP: 18/27 MP: 1/1
   651 | D:2      | Reached XP level 3. HP: 33/33 MP: 2/2
   666 | D:2      | Found a shimmering altar of Xom.
   696 | D:3      | Noticed Jessica
   708 | D:3      | Killed Jessica
   728 | D:3      | Reached XP level 4. HP: 34/40 MP: 3/3
   924 | D:3      | Reached skill level 1 in Dodging
   978 | D:3      | Killed from afar by an orc

Skill      XL: |  1  2  3  4 |
---------------+-------------+-----
Armour         | 4 |  4.3
Fighting       | 4 |  4.3
Shields        | 4 |  4.5
Long Blades    | 3 |  3.5
Dodging        | 1 |  1.3
Throwing       | |  0.2

Action                   |  1- 3 |  4- 6 || total
-------------------------+-------+-------++-------
Melee: Long sword        |    45 |    19 ||    64
       Headbutt          |     8 |     4 ||    12
Throw: Tomahawk          |     2 |       ||     2
  Use: Scroll            |       |     2 ||     2
Armor: Scale mail        |    34 |    18 ||    52
Dodge: Dodged            |    22 |    18 ||    40
Block: Shield            |    35 |    17 ||    52
       Rpst.: Long sword |     5 |     5 ||    10
